 Dungeon Crawl Stone Soup version 0.17.1-3-g152610e (webtiles) character file.

113 Goblin1989 the Sneak (level 4, -3/23 HPs)
             Began as a Vine Stalker Assassin on May 2, 2016.
             Was a Follower of Dithmenos.
             Slain by an ogre
             ... wielding a +0 giant club
              (11 damage)
             ... on level 3 of the Dungeon.
             The game lasted 00:08:17 (2414 turns).

Goblin1989 the Sneak (Vine Stalker Assassin)        Turns: 2414, Time: 00:08:17

Health: -3/23      AC:  6    Str: 13    XL:     4   Next: 96%
Magic:  0/5        EV: 11    Int: 11    God:    Dithmenos [*.....]
Gold:   136        SH:  0    Dex: 17    Spells: 0 memorised, 3 levels left

rFire  . . .     SeeInvis .     a - +2 dagger
rCold  . . .     Clarity  .     c - +0 robe
rNeg   . . .     SustAt   .     (no shield)
rPois  .         Gourm    .     v - +0 helmet
rElec  .         Spirit   +     d - +0 cloak
rCorr  .         Warding  .     q - +1 pair of gloves
rMut   .         Stasis   .     (no boots)
MR     .....                    (no amulet)
Stlth  ++++......               (no ring)
                                (no ring)

@: wreathed by umbra, not resistant to hostile enchantments, stealthy
A: fangs 2, regeneration 1, magic shield, antimagic bite, no device heal 3, rot
immunity
a: Renounce Religion


You were on level 3 of the Dungeon.
You worshipped Dithmenos.
Dithmenos was aware of your devotion.
You were not hungry.

You visited 1 branch of the dungeon, and saw 3 of its levels.

You collected 136 gold pieces.

Inventory:

Hand Weapons
 a - a +2 dagger (weapon)
 b - a +0 blowgun
Missiles
 e - 41 poisoned needles
 f - 2 curare-tipped needles
Armour
 c - a +0 robe (worn)
 d - a +0 cloak (worn)
 q - a +1 pair of gloves (worn)
 v - a +0 helmet (worn)
Scrolls
 h - 2 scrolls of remove curse {unknown}
 o - a scroll of teleportation {unknown}
 r - 4 scrolls of identify {unknown}
 s - a scroll of enchant weapon {unknown}
Potions
 j - 2 potions of heal wounds {unknown}
 k - a potion of cure mutation {unknown}
 m - a potion of agility {unknown}
 n - a potion of degeneration {unknown}
 p - a potion of curing {unknown}
 t - a potion of poison {unknown}
Comestibles
 g - 4 bread rations
 i - a beef jerky
 l - 2 meat rations
 u - 4 chunks of flesh


   Skills:
 - Level 1.7 Fighting
 * Level 3.8 Short Blades
 - Level 1.7 Throwing
 - Level 0.7 Dodging
 + Level 5.8 Stealth


You had 3 spell levels left.
You didn't know any spells.

Dungeon Overview and Level Annotations

Branches:
Dungeon (3/15)

Altars:
Ashenzari
Cheibriados
Dithmenos
Fedhas
Gozag
Trog
Vehumet
Xom
Yredelemnul

Annotations:
D:3 Goblin1989's ghost, amateur CeHu


Innate Abilities, Weirdness & Mutations

You have extremely sharp teeth.
Your natural rate of healing is unusually fast.
When hurt, damage is shared between your health and your magic reserves.
Your bite disrupts and absorbs the magic of your enemies.
Potions and wands cannot restore your health.
You are immune to rotting.


Message History

Aim: an ogre, wielding a giant club (resting)
You shoot a poisoned needle.
The helpless ogre fails to defend itself.
The poisoned needle hits the ogre in a vulnerable spot!
The ogre is poisoned.
Aim: an ogre, wielding a giant club (poisoned)
You shoot a poisoned needle.
The poisoned needle barely misses the ogre.
There is an open door here.
a - a +2 dagger (weapon)
The ogre closely misses you.
You hit the ogre. You bite the ogre. You drain its power.
The ogre hits you with a giant club!!
Ouch! That really hurt!
You take 16 damage, and have 7/23 hp.
MASSIVE DAMAGE!!
You now have 1/5 mp.
You completely miss the ogre. You bite the ogre, but do no damage.
You hit the ogre. Your bite misses the ogre. The ogre barely misses you.
You hit the ogre. You bite the ogre, but do no damage.
The ogre looks more healthy.
The ogre hits you with a giant club!
You die...

#.####### #...## K[z#..
#.....#.# #...# .$#.# #.###.#.#
#...# ###.# #.......# ##'## #.#
#..##.#รท# #..## #.# #.....#.#
##..# #.# #.#####.# ##.## ###.#
#.....#.# #.O###.#.#
###.###.##### ##@....#.#######
#.....#.....# #.............#
#.#.#######.# #..##.#.#####.#
#.._..#.....# #...#.#.#####.##
###.#.#.###### #.#.#...<#.....#
#.....#......###.#.#.#.##.##..#
###.###.####.......#.#.#......#
.##.....####...........#..###.#
.....................#.#).....#


You could see an ogre.

Vanquished Creatures
  4 adders (D:2)
  An ooze (D:1)
  3 worms (D:2)
  A giant gecko (D:2)
  An orc (D:3)
  4 goblins
  8 hobgoblins
  9 jackals
  A quokka (D:3)
  2 ball pythons (D:2)
  7 bats
  2 giant cockroaches (D:2)
  4 giant newts
  8 kobolds
  7 rats
62 creatures vanquished.

Notes
Turn   | Place    | Note
--------------------------------------------------------------
     0 | D:1      | Goblin1989 the Vine Stalker Assassin began the quest for the Orb.
     0 | D:1      | Reached XP level 1. HP: 11/11 MP: 2/2
   250 | D:1      | Reached skill level 5 in Stealth
   255 | D:1      | Reached XP level 2. HP: 10/15 MP: 1/3
   509 | D:1      | Reached XP level 3. HP: 14/18 MP: 4/4
   557 | D:1      | Found a snail-covered altar of Cheibriados.
   970 | D:2      | Found a basalt altar of Yredelemnul.
   973 | D:2      | Found a blossoming altar of Fedhas.
   976 | D:2      | Found a shadowy altar of Dithmenos.
   980 | D:2      | Became a worshipper of Dithmenos the Shadowed
  1310 | D:2      | Found a shattered altar of Ashenzari.
  1318 | D:2      | Reached XP level 4. HP: 21/23 MP: 5/5
  1365 | D:2      | Found a shimmering altar of Xom.
  1571 | D:2      | Found a bloodstained altar of Trog.
  1822 | D:2      | Found a radiant altar of Vehumet.
  1985 | D:3      | Reached * piety under Dithmenos
  2021 | D:3      | Found an opulent altar of Gozag.
  2240 | D:3      | Noticed Goblin1989's ghost (amateur CeHu)
  2393 | D:3      | Noticed an ogre
  2394 | D:3      | Noticed a big kobold
  2414 | D:3      | Slain by an ogre

Action                   |  1- 3 |  4- 6 || total
-------------------------+-------+-------++-------
Melee: Dagger            |   125 |    88 ||   213
 Fire: Blowgun           |       |     2 ||     2
 Stab: Sleeping          |     4 |     9 ||    13
  Eat: Chunk             |     1 |     4 ||     5
